 Dungeon Crawl Stone Soup version 0.31.0-9-g3a7656b989 (webtiles) character file.

Game seed: 4290854808501737929

1482 Bnni the Cleaver (level 9, -7/64 HPs)
             Began as a Formicid Fighter on Feb 3, 2024.
             Was a Follower of Hepliaklqana.
             Killed from afar by a steam dragon (14 damage)
             ... with a ball of steam
             ... on level 6 of the Dungeon.
             The game lasted 00:10:02 (4392 turns).

Bnni the Cleaver (Formicid Fighter)                 Turns: 4392, Time: 00:10:03

Health: -7/64      AC:  8    Str: 30    XL:     9   Next: 7%
Magic:  9/9        EV:  9    Int:  7    God:    Hepliaklqana [*.....]
Gold:   382        SH:  5    Dex: 13    Spells: 8/8 levels left

rFire   . . .        a - +0 war axe
rCold   . . .        c - +0 buckler
rNeg    + . .        b - +0 scale mail
rPois   .            (helmet unavailable)
rElec   .            (no cloak)
rCorr   .            (no gloves)
SInv    +            m - +0 pair of boots
Will    +....        q - amulet "Oseckux" {Faith Str+4} Stlth
                     u - ring "Nariec" {Will+ Slay+3}
HPRegen 0.30/turn    D - ring of positive energy
MPRegen 0.11/turn

%: faith
@: studying Armour
A: reduced essence, permanent stasis, dig shafts and tunnels, antennae 3, four
strong arms
a: Dig, Shaft Self, Renounce Religion, Recall Ancestor, Ancestor Identity


You were on level 6 of the Dungeon.
You worshipped Hepliaklqana.
Hepliaklqana was aware of your devotion.
You visited 2 branches of the dungeon, and saw 7 of its levels.
You also visited: Sewer.

You collected 382 gold pieces.

Inventory:

Hand Weapons
 a - a +0 war axe (weapon)
 y - the +8 mace "Jellyslayer" {drain, Int+3}
   (You found it in a sewer)

   Int+3:     It affects your intelligence (+3).
 E - a +3 vampiric trident
Missiles
 j - 10 poisoned darts
 k - a throwing net
Armour
 b - a +0 scale mail (worn)
 c - a +0 buckler (worn)
 m - a +0 pair of boots (worn)
 r - a +0 kite shield
Jewellery
 q - the amulet "Oseckux" (around neck) {Faith Str+4}
   (You found it on level 3 of the Dungeon)

   [amulet of faith]

   Faith:     It allows you to gain divine favour quickly.
   Str+4:     It affects your strength (+4).
 u - the ring "Nariec" (left hand) {Will+ Slay+3}
   (You found it on level 4 of the Dungeon)

   [ring of willpower]

   Slay+3:    It affects your accuracy & damage with ranged weapons and melee
   (+3).
   Will+:     It increases your willpower.
 v - an amulet of reflection
 D - a ring of positive energy (right hand)
Wands
 t - a wand of roots (8)
 F - a wand of flame (24)
Scrolls
 e - a scroll of amnesia {unknown}
 h - 4 scrolls of identify {unknown}
 i - 2 scrolls of blinking {unknown}
 n - a scroll of immolation {unknown}
 o - 4 scrolls of teleportation {unknown}
 C - a scroll of fog {unknown}
Potions
 d - 2 potions of might
 f - 2 potions of heal wounds {unknown}
 g - 3 potions of lignification {unknown}
 l - 2 potions of degeneration {unknown}
 p - 2 potions of attraction {unknown}
 s - a potion of berserk rage {unknown}
 w - a potion of haste {unknown}
 x - a potion of curing {unknown}
 z - a potion of mutation {unknown}
 A - 3 potions of brilliance {unknown}
 B - 3 potions of invisibility {unknown}


   Skills:
 + Level 7.5 Fighting
 * Level 8.9 Axes
 - Level 3.2 Armour
 - Level 4.0 Shields


You had 8 spell levels left.
You didn't know any spells.
Your spell library contained the following spells:

 Spells                   Type           Power      Damage    Failure   Level
 Freeze                   Ice            0%         1d3       73%         1
 Sandblast                Erth           0%         2d4       73%         1
 Slow                     Hex            0%         N/A       73%         1
 Confusing Touch          Hex            0%         N/A       97%         3
 Frozen Ramparts          Ice            0%         1d1       97%         3
 Hailstorm                Conj/Ice       0%         3d5       97%         3
 Passwall                 Erth           0%         N/A       97%         3
 Sigil of Binding         Hex            0%         N/A       97%         3
 Stone Arrow              Conj/Erth      0%         3d7       97%         3
 Vampiric Draining        Necr           0%         2d6       97%         3
 Brom's Barrelling Bould  Conj/Erth      0%         2d3       100%        4
 Fireball                 Conj/Fire      0%         3d3       100%        5
 Iskenderun's Battlesphe  Conj           0%         2d6       100%        5
 Conjure Ball Lightning   Conj/Air       0%         3x3d6     100%        6
 Orb of Destruction       Conj           0%         9d5       100%        7


Dungeon Overview and Level Annotations

Branches:
Dungeon (6/15)             Temple (1/1) D:4           Sewer (visited)

Altars:
Ashenzari
Cheibriados
Dithmenos
Elyvilon
Gozag
Hepliaklqana
Qazlal
Sif Muna
Trog
Vehumet
Wu Jian
Xom
Yredelemnul
The Shining One

Shops:
D:3 *   D:4 (


Innate Abilities, Weirdness & Mutations

Your life essence is reduced to manifest your ancestor. (-10% HP)
You cannot be hasted, slowed, berserked, paralysed or teleported.
You can dig through walls and to a lower floor.
You have a pair of large antennae on your head. (SInv)
Your four strong arms can wield two-handed weapons with a shield.


Message History

The floor.
Unknown command.
Found a sling.
The orc priest shouts!
An orc comes into view. It is wielding a +0 club. x2
The orc shouts!
You hear a shout!
The orc wizard points at you and mumbles some strange words.
The puff of flame hits you.
The orc wizard points at you and mumbles some strange words.
The magic dart hits you! The steam dragon breathes steam at you.
The ball of steam hits you!
You barely miss the steam dragon.
You are engulfed in a cloud of scalding steam.
Stabby McGee hits the orc wizard!
The steam dragon bites you. The steam dragon claws you.
Unknown command.
Found 19 gold pieces.
The orc priest mumbles some strange prayers to Beogh against you.
Beogh smites you!
* * * LOW HITPOINT WARNING * * *
You open the door.
The steam dragon bites you but does no damage.
The steam dragon barely misses you.
The orc wizard is engulfed in a cloud of scalding steam.
The orc wizard dies!
The steam dragon attacks as it pursues you!
You block the steam dragon's attack. The steam dragon barely misses you.
The orc priest begins to cast a cantrip, but forgets the words!
There is an open door here.
The steam dragon attacks as it pursues you!
The steam dragon bites you!
* * * LOW HITPOINT WARNING * * *
The steam dragon claws you but does no damage.
You are too injured to fight recklessly!
You hit the steam dragon.
The steam dragon is lightly wounded.
The steam dragon breathes steam at you. The ball of steam hits you!
You die...

..##.............# ##
..#.............# #.
⌠.)............. #.
#......{o...# #.
#.....{o...# #.
#.....{)...# #.
#.....{R)..# #.
#.#D####.#.+ +. #
#.@....### #.
#...####...# #.
#.#.#......## #.
...#.#.......########.
....
..#................
####
###................
#................
#................
#...........>....


You could see a steam dragon (catching breath).

Vanquished Creatures
  Menkaure (D:5)
  A water moccasin (D:5)
  2 phantoms
  3 scorpions
  A gnoll sergeant (D:5)
  3 jellies
  A hound (D:5)
  A bombardier beetle (D:4)
  3 iguanas
  2 sleepcaps (D:4)
  An orc wizard (D:5)
  3 gnolls (D:5)
  3 river rats (Sewer)
  9 adders
  3 dart slugs
  2 ribbon worms
  3 orcs
  2 bats (D:1)
  14 endoplasms
  11 giant cockroaches
  6 goblins
  12 hobgoblins
  2 jackals (D:4)
  12 ball pythons
  5 frilled lizards
  5 kobolds
  9 rats
120 creatures vanquished.

Vanquished Creatures (collateral kills)
  A sky beast (D:6)
  An ogre (D:5)
  A centaur (D:5)
  A jelly (D:6)
  A gnoll (D:5)
  2 adders
  A hobgoblin (D:6)
  2 butterflies (D:5)
10 creatures vanquished.

Vanquished Creatures (others)
  An orc wizard (D:6)
  A bat (D:1)
2 creatures vanquished.

Grand Total: 132 creatures vanquished

Notes
Turn   | Place    | Note
-------+----------+-------------------------------------------
     0 | D:1      | Bnni the Formicid Fighter began the quest for the Orb.
     0 | D:1      | Reached XP level 1. HP: 18/18 MP: 1/1
   144 | D:1      | Reached XP level 2. HP: 18/24 MP: 2/2
   433 | D:1      | Reached XP level 3. HP: 28/30 MP: 3/3
   492 | D:1      | Reached skill level 3 in Axes
  1418 | D:2      | Reached XP level 4. HP: 37/37 MP: 4/4
  1639 | D:3      | Identified the amulet "Oseckux" {Faith Str+4}
  1733 | D:3      | Found Gozag's Platinum Reserve.
  1768 | D:3      | Found an opulent altar of Gozag.
  2063 | D:3      | Identified the +2 dagger of the Wizarding Gods {flame,
                  | rF++}
  2114 | D:4      | Identified the ring "Nariec" {Will+ Slay+3}
  2126 | D:4      | Found Gogi's Weapon Shop.
  2201 | D:4      | Found a staircase to the Ecumenical Temple.
  2209 | Temple   | Entered the Ecumenical Temple
  2220 | Temple   | Became a worshipper of Hepliaklqana the Forgotten
  2312 | D:4      | Noticed a phantom
  2326 | D:4      | Killed a phantom
  2327 | D:4      | Reached skill level 4 in Axes
  2327 | D:4      | Reached XP level 5. HP: 33/43 MP: 5/5
  2335 | D:4      | Found a glowing drain.
  2349 | D:4      | Reached XP level 6. HP: 44/49 MP: 6/6
  2358 | Sewer    | Entered a sewer
  2379 | Sewer    | Reached skill level 5 in Axes
  2447 | Sewer    | Reached skill level 5 in Fighting
  2570 | Sewer    | Identified the +8 mace "Jellyslayer" {drain, Int+3}
  2582 | Sewer    | Found a viscous altar of Jiyva.
  2744 | D:4      | Reached XP level 7. HP: 56/56 MP: 7/7
  2750 | D:4      | Reached skill level 6 in Axes
  2869 | D:4      | Found a stormy altar of Qazlal.
  2890 | D:4      | Reached * piety under Hepliaklqana
  2993 | D:4      | Found a glowing golden altar of the Shining One.
  3166 | D:5      | Entered Level 5 of the Dungeon
  3178 | D:5      | Reached skill level 7 in Axes
  3178 | D:5      | Reached XP level 8. HP: 32/57 MP: 8/8
  3287 | D:5      | Found a shimmering altar of Xom.
  3582 | D:5      | Reached skill level 8 in Axes
  3769 | D:5      | Noticed Menkaure
  3774 | D:5      | Killed Menkaure
  4097 | D:6      | HP: 3/60 [sky beast (6)]
  4101 | D:6      | Reached XP level 9. HP: 4/64 MP: 9/9
  4347 | D:6      | Found a radiant altar of Vehumet.
  4392 | D:6      | Killed from afar by a steam dragon

Illustrated notes

Levels and vault maps discovered:
D:1:      minmay_arrival_solitary_statue, layout_loops_ring, minmay_tetromino_t4
D:2:      layout_loops_corners
D:3:      layout_basic, nicolae_gozag_zags_fifth_avenue, item_on_display_a
D:4:      layout_basic, tso_altar, grunt_qazlal_clouds,
          minmay_temple_entry_tees, gup_sewer_entry_glass, serial_shops, shop,
          minmay_manual_moon
D:5:      layout_rooms, xom_butterflies, bh_walls_and_bars, uniq_menkaure
D:6:      layout_basic, kiku_gazebo_pond_becter, vehumet_altar_wand_db,
          grunt_temple_overflow_diamond, kennysheep_flooded_box
Temple:   compressed_dpeg_triangle_lava_temple

Skill      XL: |  1  2  3  4  5  6  7  8 |
---------------+-------------------------+-----
Axes           | 3 4 5 7 8 |  8.9
Fighting       | 4 5 6 7 |  7.5
Armour         | |  3.2
Shields        | |  4.0

Action                     |  1- 3 |  4- 6 |  7- 9 || total
---------------------------+-------+-------+-------++-------
  Melee: War axe           |    95 |   116 |   103 ||   314
         Mace              |       |     6 |       ||     6
         Trident           |       |       |     3 ||     3
 Invoke: Ancestor Identity |       |       |     1 ||     1
Ability: Dig               |       |     1 |     1 ||     2
   Stab: Distracted        |       |       |     1 ||     1
 Armour: Scale mail        |    72 |    75 |   100 ||   247
  Dodge: Dodged            |    38 |    55 |    42 ||   135
  Block: Buckler           |    25 |    34 |    27 ||    86
